 Dungeon Sprint DCSS version 0.30.0-29-ga12c61a403 (webtiles) character file.

Game seed: 4985144258635549643

8200000 Revguard the Champion of Chaos (level 27, -6/199 HPs)
             Began as a Gargoyle Gladiator on June 7, 2023.
             Was the Champion of Makhleb.
             Mangled by The Servant
             ... wielding a +9 glaive of flaming
              (98 damage)
             ... in the Dungeon (Sprint VIII: "Arena of Blood").
             The game lasted 00:05:43 (82 turns).

Revguard the Champion of Chaos (Gargoyle Gladiator)   Turns: 82, Time: 00:05:43

Health: -6/199     AC: 29    Str: 20    XL:     27
Magic:  17/48      EV: 33    Int: 11    God:    Makhleb [******]
Gold:   0          SH:  0    Dex: 21    Spells: 69/69 levels left

rFire   . . .        l - +∞ Axe of Woe
rCold   . . .        (shield currently unavailable)
rNeg    + . .        b - +0 leather armour
rPois   ∞            c - +0 helmet
rElec   +            (no cloak)
rCorr   .            (no gloves)
SInv    .            (no boots)
Will    ++...        (no amulet)
Stlth   ++++++++++   (no ring)
HPRegen 0.53/turn    (no ring)
MPRegen 0.31/turn

%: no teleportation
@: flying, slowed, very slow
A: sickness immunity, AC +20, big wings, negative energy resistance 1,
electricity resistance, torment resistance 1, petrification resistance
a: Renounce Religion, Minor Destruction, Lesser Servant of Makhleb, Major
Destruction, Greater Servant of Makhleb


You were in the Dungeon.
You worshipped Makhleb.
Makhleb was exalted by your worship.
You visited 1 branch

Inventory:

Hand Weapons
 a - a +0 war axe
 l - the +∞ Axe of Woe (weapon)
   (You found it in the Dungeon)
Missiles
 d - 3 throwing nets (quivered)
 e - a javelin
Armour
 b - a +0 leather armour (worn)
 c - a +0 helmet (worn)
Scrolls
 k - a scroll of blinking
Potions
 f - a potion of curing
 g - a potion of heal wounds
 h - a potion of haste
 i - 2 potions of magic
 j - a potion of berserk rage


   Skills:
 O Level 27 Fighting
 + Level 21.5(25.0) Short Blades
 + Level 21.6(25.0) Long Blades
 O Level 27 Axes
 + Level 23.2(27) Maces & Flails
 + Level 21.4(27) Polearms
 + Level 23.2(27) Staves
 + Level 23.1 Ranged Weapons
 + Level 21.7 Throwing
 O Level 27 Armour
 O Level 27 Dodging
 O Level 27 Stealth
 + Level 25.0 Shields
 + Level 23.3 Unarmed Combat
 + Level 21.5 Spellcasting
 + Level 25.1 Conjurations
 + Level 21.6 Hexes
 + Level 21.3 Summonings
 + Level 20.0 Necromancy
 + Level 21.5 Translocations
 + Level 20.0 Transmutations
 + Level 23.3 Fire Magic
 + Level 23.1 Ice Magic
 + Level 20.0 Air Magic
 + Level 26.9 Earth Magic
 + Level 23.2 Poison Magic
 O Level 27 Invocations
 + Level 21.5 Evocations


You had 69 spell levels left.
You didn't know any spells.
Your spell library was empty.

Dungeon Overview and Level Annotations

Branches:
Dungeon (1/1)

Altars:
Makhleb

Annotations:
D The Servant


Innate Abilities, Weirdness & Mutations

You are immune to sickness and miasma.
Your stone body is resilient. (AC +20)
You are immune to poison.
Your large and strong wings let you fly.
You resist negative energy. (rN+)
You are resistant to electric shocks. (rElec)
You are resistant to unholy torment.
You are immune to petrification.


Message History

A bag of meat comes into view. It is wielding a +9 war axe.
You hear a shout! x4
A destroyer comes into view. It is wielding a +9 heavy great sword.
The accursed gestures at you while chanting.
Something smites you! The meat beast completely misses you.
The meat beast misses you.
The meat beast shouts!
You hear a shout!
Your base Short Blades skill increases to level 21!
Your base Long Blades skill increases to level 21!
Your base Maces & Flails skill increases to level 23!
Your base Polearms skill increases to level 21!
Your base Staves skill increases to level 23!
Your Ranged Weapons skill increases to level 23!
Your Throwing skill increases to level 21!
You have mastered Stealth!
Your Shields skill increases to level 25!
Your Unarmed Combat skill increases to level 23!
Your Spellcasting skill increases to level 21!
Your Conjurations skill increases to level 25!
Your Hexes skill increases to level 21!
Your Summonings skill increases to level 21!
Your Necromancy skill increases to level 20!
Your Translocations skill increases to level 21!
Your Transmutations skill increases to level 20!
Your Fire Magic skill increases to level 23!
Your Ice Magic skill increases to level 23!
Your Air Magic skill increases to level 20!
Your Earth Magic skill increases to level 26!
Your Poison Magic skill increases to level 23!
Your Evocations skill increases to level 21!
The destroyer shouts!
You carve the meat beast like a ham!!! You chop the meat beast into pieces.
You kill the meat beast!
Makhleb accepts your kill.
You feel better.
You hear a shout! x2
The meat beast shouts, "Thy heart shall be my victuals!"
You hear a shout! x2
The Servant hits you from afar with a +9 glaive of flaming!!!!
You die... ....... .. ..... .o #Moo. .# .V #ooO

..# ...###oo.
..###.
......oo###o.....
#.....oM@_)......
....O#)))..#....
... #@)<._# . .
#O)...#
#....XM.._.....
..o.V.oM###......
..M###.O2 ..###.
o. #..o ..# #....
..# ..V.. ..
......


You could see 4 accurseds, a meat beast (fast), The Servant, a destroyer, a
large bag of meat (inner flame), 2 meat berserkers and 12 bags of meat.

Vanquished Creatures
  6 hell beasts (D)
  A royal mummy (D)
  A wraith (D)
  10 vampire knights (D)
  22 ogres (D)
  5 two-headed ogres (D)
  3 liches (D)
  2 hydras (D)
  28 orcs (D)
  2 skeletal warriors (D)
80 creatures vanquished.

Vanquished Creatures (others)
  An orc (D)
1 creature vanquished.

Grand Total: 81 creatures vanquished

Notes
Turn   | Place    | Note
-------+----------+-------------------------------------------
     0 | D        | Found the +∞ Axe of Woe
     0 | D        | Revguard the Gargoyle Gladiator began the quest for the
                  | Orb.
     0 | D        | Reached XP level 1. HP: 12/12 MP: 1/1
     1 | D        | Noticed a bag of meat
     3 | D        | Became a worshipper of Makhleb the Destroyer
     3 | D        | Noticed a bag of meat
     4 | D        | Noticed a meat berserker
     5 | D        | Noticed a bag of meat
     7 | D        | Killed a meat berserker
     7 | D        | Noticed a bag of meat
     7 | D        | Noticed a bag of meat
     8 | D        | Reached skill level 15 in Fighting
     8 | D        | Reached XP level 2. HP: 35/35 MP: 1/10
     8 | D        | Reached XP level 3. HP: 40/40 MP: 1/11
     8 | D        | Reached XP level 4. HP: 45/45 MP: 1/13
     8 | D        | Reached XP level 5. HP: 50/50 MP: 1/14
     8 | D        | Reached XP level 6. HP: 56/56 MP: 1/16
     8 | D        | Reached XP level 7. HP: 60/60 MP: 1/17
     8 | D        | Reached XP level 8. HP: 66/66 MP: 1/19
     8 | D        | Reached XP level 9. HP: 71/71 MP: 1/20
     8 | D        | Reached XP level 10. HP: 76/76 MP: 1/21
     8 | D        | Reached XP level 11. HP: 81/81 MP: 1/22
     8 | D        | Reached XP level 12. HP: 87/87 MP: 1/23
     9 | D        | Killed a bag of meat
     9 | D        | Reached * piety under Makhleb
    10 | D        | Killed a bag of meat
    11 | D        | Reached XP level 13. HP: 69/96 MP: 1/25
    11 | D        | Killed a bag of meat
    12 | D        | Reached skill level 15 in Axes
    14 | D        | Noticed a bag of meat
    16 | D        | Noticed a bag of meat
    18 | D        | Noticed a bag of meat
    19 | D        | Killed a bag of meat
    19 | D        | Reached ** piety under Makhleb
    19 | D        | Noticed a large bag of meat
    20 | D        | Reached skill level 15 in Dodging
    20 | D        | Gained mutation: Your large and strong wings let you fly.
                  | [Gargoyle growth]
    20 | D        | Reached XP level 14. HP: 79/104 MP: 3/27
    23 | D        | Killed a bag of meat
    24 | D        | Killed a large bag of meat
    24 | D        | Killed a bag of meat
    24 | D        | Reached *** piety under Makhleb
    25 | D        | Reached XP level 15. HP: 52/115 MP: 4/29
    25 | D        | Noticed a large bag of meat
    25 | D        | Noticed a meat berserker
    25 | D        | Noticed a meat berserker
    25 | D        | Noticed a meat berserker
    25 | D        | Noticed a large bag of meat
    26 | D        | Noticed a meat berserker
    27 | D        | Noticed an eight-headed meat hydra
    28 | D        | Killed a meat berserker
    28 | D        | Killed a meat berserker
    28 | D        | Noticed a large bag of meat
    29 | D        | Reached XP level 16. HP: 125/125 MP: 5/31
    29 | D        | Killed a meat berserker
    29 | D        | Reached **** piety under Makhleb
    31 | D        | Killed a meat berserker
    31 | D        | Noticed a meat berserker
    32 | D        | Reached XP level 17. HP: 135/135 MP: 5/33
    32 | D        | Reached ***** piety under Makhleb
    32 | D        | Noticed a meat berserker
    33 | D        | Killed a nine-headed meat hydra
    33 | D        | Noticed a sculptor of flesh
    33 | D        | Noticed a meat berserker
    34 | D        | Killed a large bag of meat
    35 | D        | Reached skill level 27 in Fighting
    35 | D        | Reached skill level 27 in Armour
    35 | D        | Reached skill level 27 in Invocations
    35 | D        | Reached XP level 18. HP: 129/145 MP: 6/35
    35 | D        | Noticed an eight-headed meat hydra
    36 | D        | Reached skill level 27 in Axes
    36 | D        | Reached ****** piety under Makhleb
    37 | D        | Reached skill level 27 in Dodging
    37 | D        | Reached skill level 1 in Short Blades
    37 | D        | Reached skill level 1 in Long Blades
    37 | D        | Reached skill level 1 in Maces & Flails
    37 | D        | Reached skill level 1 in Polearms
    37 | D        | Reached skill level 1 in Staves
    37 | D        | Reached skill level 1 in Ranged Weapons
    37 | D        | Reached skill level 1 in Shields
    37 | D        | Reached skill level 1 in Unarmed Combat
    37 | D        | Reached skill level 1 in Spellcasting
    37 | D        | Reached skill level 1 in Conjurations
    37 | D        | Reached skill level 1 in Hexes
    37 | D        | Reached skill level 1 in Summonings
    37 | D        | Reached skill level 1 in Necromancy
    37 | D        | Reached skill level 1 in Translocations
    37 | D        | Reached skill level 1 in Transmutations
    37 | D        | Reached skill level 1 in Fire Magic
    37 | D        | Reached skill level 1 in Ice Magic
    37 | D        | Reached skill level 1 in Air Magic
    37 | D        | Reached skill level 1 in Poison Magic
    37 | D        | Reached skill level 1 in Evocations
    37 | D        | Killed a meat berserker
    38 | D        | Reached XP level 19. HP: 127/151 MP: 6/36
    38 | D        | Killed a meat berserker
    39 | D        | Reached skill level 5 in Stealth
    39 | D        | Reached skill level 5 in Shields
    39 | D        | Reached skill level 5 in Conjurations
    39 | D        | Reached skill level 5 in Earth Magic
    39 | D        | Killed a meat berserker
    40 | D        | Reached skill level 5 in Short Blades
    40 | D        | Reached skill level 5 in Long Blades
    40 | D        | Reached skill level 5 in Maces & Flails
    40 | D        | Reached skill level 5 in Polearms
    40 | D        | Reached skill level 5 in Staves
    40 | D        | Reached skill level 5 in Ranged Weapons
    40 | D        | Reached skill level 5 in Throwing
    40 | D        | Reached skill level 5 in Unarmed Combat
    40 | D        | Reached skill level 5 in Spellcasting
    40 | D        | Reached skill level 5 in Hexes
    40 | D        | Reached skill level 5 in Summonings
    40 | D        | Reached skill level 5 in Translocations
    40 | D        | Reached skill level 5 in Fire Magic
    40 | D        | Reached skill level 5 in Ice Magic
    40 | D        | Reached skill level 5 in Poison Magic
    40 | D        | Reached skill level 5 in Evocations
    40 | D        | Killed a large bag of meat
    41 | D        | Reached skill level 5 in Necromancy
    41 | D        | Reached skill level 5 in Transmutations
    41 | D        | Reached skill level 5 in Air Magic
    41 | D        | Noticed a destroyer
    41 | D        | Killed a sculptor of flesh
    41 | D        | Noticed a meat berserker
    41 | D        | Noticed a destroyer
    42 | D        | Noticed a meat berserker
    43 | D        | Killed a meat berserker
    43 | D        | Noticed a destroyer
    44 | D        | Killed a large bag of meat
    45 | D        | Noticed a destroyer
    46 | D        | Noticed a tyrant
    46 | D        | Killed a tyrant
    48 | D        | Killed a meat berserker
    49 | D        | Reached XP level 20. HP: 157/157 MP: 9/37
    49 | D        | Noticed a destroyer
    50 | D        | Killed a nine-headed meat hydra
    51 | D        | Noticed a large bag of meat
    52 | D        | Noticed a tyrant
    52 | D        | Killed a destroyer
    53 | D        | Reached skill level 10 in Stealth
    53 | D        | Reached skill level 10 in Earth Magic
    53 | D        | Killed a destroyer
    54 | D        | Reached skill level 10 in Shields
    54 | D        | Reached skill level 10 in Conjurations
    54 | D        | Killed a large bag of meat
    55 | D        | Killed a destroyer
    55 | D        | Killed a destroyer
    56 | D        | Reached skill level 10 in Short Blades
    56 | D        | Reached skill level 10 in Long Blades
    56 | D        | Reached skill level 10 in Polearms
    56 | D        | Reached skill level 10 in Throwing
    56 | D        | Reached skill level 10 in Spellcasting
    56 | D        | Reached skill level 10 in Hexes
    56 | D        | Reached skill level 10 in Summonings
    56 | D        | Reached skill level 10 in Translocations
    56 | D        | Reached skill level 10 in Evocations
    56 | D        | Reached XP level 21. HP: 113/163 MP: 10/38
    59 | D        | Killed a tyrant
    59 | D        | Noticed a meat beast
    59 | D        | Noticed a meat berserker
    60 | D        | Reached skill level 10 in Necromancy
    60 | D        | Reached skill level 10 in Transmutations
    60 | D        | Reached skill level 10 in Air Magic
    60 | D        | Killed a destroyer
    60 | D        | Noticed an accursed
    61 | D        | Noticed a destroyer
    62 | D        | Killed a meat berserker
    62 | D        | Noticed a meat berserker
    63 | D        | Reached skill level 15 in Stealth
    63 | D        | Reached skill level 15 in Earth Magic
    63 | D        | Reached XP level 22. HP: 169/169 MP: 11/39
    63 | D        | Killed a meat beast
    64 | D        | Reached skill level 15 in Shields
    64 | D        | Reached skill level 15 in Conjurations
    64 | D        | Noticed a destroyer
    65 | D        | Noticed a meat beast
    65 | D        | Noticed a tyrant
    66 | D        | Noticed a meat beast
    67 | D        | Killed a destroyer
    67 | D        | Noticed a destroyer
    68 | D        | Reached skill level 15 in Maces & Flails
    68 | D        | Reached skill level 15 in Staves
    68 | D        | Reached skill level 15 in Ranged Weapons
    68 | D        | Reached skill level 15 in Unarmed Combat
    68 | D        | Reached skill level 15 in Fire Magic
    68 | D        | Reached skill level 15 in Ice Magic
    68 | D        | Reached skill level 15 in Poison Magic
    68 | D        | Reached XP level 23. HP: 175/175 MP: 12/41
    68 | D        | Killed an accursed
    68 | D        | Killed a meat beast
    69 | D        | Reached skill level 15 in Short Blades
    69 | D        | Reached skill level 15 in Long Blades
    69 | D        | Reached skill level 15 in Polearms
    69 | D        | Reached skill level 15 in Throwing
    69 | D        | Reached skill level 15 in Spellcasting
    69 | D        | Reached skill level 15 in Hexes
    69 | D        | Reached skill level 15 in Summonings
    69 | D        | Reached skill level 15 in Translocations
    69 | D        | Reached skill level 15 in Evocations
    69 | D        | Reached XP level 24. HP: 181/181 MP: 13/42
    69 | D        | Killed a destroyer
    69 | D        | Noticed a meat beast
    69 | D        | Noticed an accursed
    69 | D        | Noticed an accursed
    70 | D        | Reached skill level 15 in Necromancy
    70 | D        | Noticed a meat beast
    71 | D        | Killed a meat beast
    71 | D        | Noticed a dread
    72 | D        | Reached skill level 15 in Transmutations
    72 | D        | Reached XP level 25. HP: 187/187 MP: 14/44
    72 | D        | Noticed The Servant
    73 | D        | Noticed an accursed
    73 | D        | Noticed a meat beast
    73 | D        | Killed a dread
    73 | D        | Noticed a destroyer
    74 | D        | Killed a meat beast
    75 | D        | Reached XP level 26. HP: 193/193 MP: 15/45
    75 | D        | Noticed a destroyer
    76 | D        | Killed a destroyer
    77 | D        | Killed a destroyer
    77 | D        | Noticed a large bag of meat
    78 | D        | Noticed an accursed
    79 | D        | Reached XP level 27. HP: 182/199 MP: 16/47
    79 | D        | Killed a tyrant
    81 | D        | Killed a meat beast
    81 | D        | Killed a destroyer
    81 | D        | Noticed a meat beast
    81 | D        | Noticed a destroyer
    82 | D        | Reached skill level 27 in Stealth
    82 | D        | Killed a meat beast
    82 | D        | Mangled by The Servant

Illustrated notes

Levels and vault maps discovered:
D:        meatsprint

Skill      XL: |  1  2  3  4  5  6  7  8  9 10 11 12 13 14 15 16 17 18 19 20 21 22 23 24 25 26 27 |
---------------+----------------------------------------------------------------------------------+-----
Fighting       | 15 17 18 21 23 25 27 | 27.0
Axes           | 12 14 16 18 20 21 25 27 | 27.0
Armour         | 14 17 18 21 23 25 27 | 27.0
Dodging        | 11 13 15 16 18 20 23 27 | 27.0
Invocations    | 14 17 18 21 23 25 27 | 27.0
Short Blades   | 3 7 10 11 13 15 17 18 20 21 | 21.5
Long Blades    | 3 7 10 11 14 15 17 18 20 21 | 21.6
Maces & Flails | 3 7 11 12 15 16 18 20 21 23 | 23.2
Polearms       | 3 7 10 11 13 15 17 18 20 21 | 21.4
Staves         | 3 7 11 12 15 16 18 20 21 23 | 23.2
Ranged Weapons | 3 7 11 12 15 16 18 19 21 23 | 23.1
Throwing       | 4 7 10 12 14 15 17 18 20 21 | 21.7
Stealth        | 4 9 13 15 17 19 21 23 25 27 | 27.0
Shields        | 4 8 12 13 16 18 20 21 23 25 | 25.0
Unarmed Combat | 3 7 11 12 15 16 18 20 21 23 | 23.3
Spellcasting   | 3 7 10 11 14 15 17 18 20 21 | 21.5
Conjurations   | 4 8 12 14 16 18 20 21 23 25 | 25.1
Hexes          | 3 7 10 11 14 15 17 18 20 21 | 21.6
Summonings     | 3 7 10 11 13 15 17 18 20 21 | 21.3
Necromancy     | 3 6 9 10 12 14 16 17 18 20 | 20.0
Translocations | 3 7 10 11 13 15 17 18 20 21 | 21.5
Transmutations | 3 6 9 10 12 14 15 17 18 20 | 20.0
Fire Magic     | 3 7 11 12 15 16 18 20 21 23 | 23.3
Ice Magic      | 3 7 11 12 15 16 18 19 21 23 | 23.1
Air Magic      | 3 6 9 10 12 14 16 17 18 20 | 20.0
Earth Magic    | 4 9 13 15 17 19 21 23 25 26 | 26.9
Poison Magic   | 3 7 11 12 15 16 18 20 21 23 | 23.2
Evocations     | 3 6 10 11 14 15 17 18 20 21 | 21.5

Action                     |  1- 3 |  4- 6 |  7- 9 | 10-12 | 13-15 | 16-18 | 19-21 | 22-24 | 25-27 || total
---------------------------+-------+-------+-------+-------+-------+-------+-------+-------+-------++-------
  Melee: Executioner's axe |     1 |       |       |     2 |     5 |     9 |    20 |     6 |     9 ||    52
 Invoke: Greater Servant o |       |       |       |       |       |       |     2 |     2 |     1 ||     5
 Armour: Leather armour    |       |       |       |       |       |     1 |     2 |       |     5 ||     8
  Dodge: Dodged            |       |       |       |       |     1 |       |       |     1 |    10 ||    12
